PCL
LAS VEGAS STARS @ MILE HIGH BRONCOS
09/16/2023
 
TOP OF THE 1ST
Las Vegas Stars batting - Pitching for Mile High Broncos : RHP Luis Salazar
Pitching: RHP Luis Salazar
Batting: RHB Tae-kwon Kwon 0-0: Ball
1-0: Ball
2-0: Called Strike
2-1: Fly out, F7 (Flyball, 78D)
Batting: RHB Ron Shelton 0-0: Ball
1-0: Ground out 4-3 (Groundball, 4)
Batting: RHB Cole Bradley 0-0: Ball
1-0: Ball
2-0: Called Strike
2-1: Ball
3-1: Foul Ball, location: 2F
3-2: Ground out 4-3 (Groundball, 4S)
Top of the 1st over - 0 run(s), 0 hit(s), 0 error(s), 0 left on base; Las Vegas 0 - Mile High 0
BOTTOM OF THE 1ST
Mile High Broncos batting - Pitching for Las Vegas Stars : RHP Jim Hendon
Pitching: RHP Jim Hendon
Batting: RHB Ximena Campos 0-0: Ball
1-0: Ball
2-0: Ball
3-0: Called Strike
3-1: Base on Balls
Batting: RHB Damian Yates 0-0: Ball
1-0: Swinging Strike
1-1: Called Strike
1-2: DOUBLE (Groundball, 5L)
Ximena Campos to third
Runner from 3rd tries for Home, SAFE, no throw or cutoff
Batting: RHB Juan Jose Guevana 0-0: Ball
1-0: Swinging Strike
1-1: Swinging Strike
1-2: Ball
2-2: SINGLE (Groundball, 5L)
Damian Yates to third
Batting: LHB Bill Houston 0-0: Swinging Strike
0-1: Fly out, F7 (Line Drive, 7M)
Batting: RHB Jesús Espinoza 0-0: Foul Ball, location: 2F
0-1: Ball
1-1: Foul Ball, location: 2F
1-2: Strikes out looking
Batting: RHB Juan Gonzáles 0-0: Ball
1-0: Swinging Strike
1-1: Foul Ball, location: 2F
1-2: Strikes out looking
Bottom of the 1st over - 1 run(s), 2 hit(s), 0 error(s), 2 left on base; Las Vegas 0 - Mile High 1
TOP OF THE 2ND
Las Vegas Stars batting - Pitching for Mile High Broncos : RHP Luis Salazar
Batting: RHB Jeremy Atkins 0-0: Ball
1-0: Swinging Strike
1-1: Ball
2-1: Ball
3-1: SINGLE (Flyball, 8LS)
Batting: LHB Evan Slootweg 0-0: Called Strike
0-1: Ball
1-1: Foul Ball, location: 2F
1-2: Strikes out looking
Batting: LHB Eliot Helen 0-0: Foul Ball, location: 2F
0-1: Ball
1-1: Reached on error, E6 (Groundball, 6M)
Jeremy Atkins to third
Batting: RHB Vicente Salgado 0-0: Ball
1-0: Called Strike
1-1: Ball
2-1: SINGLE (Flyball, 89S) - OUT at second base trying to stretch hit.
Jeremy Atkins scores
Eliot Helen scores
Batting: SHB Santiago Farías 0-0: Ball
1-0: Ball
2-0: Ball
3-0: Called Strike
3-1: SINGLE (Line Drive, 78S)
Batting: RHB Bill McGrath 0-0: Called Strike
0-1: Ball
1-1: Swinging Strike
1-2: Ball
2-2: Ball
3-2: Foul Ball, location: 2F
3-2: Foul Ball, location: 2F
3-2: Strikes out swinging
Top of the 2nd over - 2 run(s), 3 hit(s), 1 error(s), 1 left on base; Las Vegas 2 - Mile High 1
BOTTOM OF THE 2ND
Mile High Broncos batting - Pitching for Las Vegas Stars : RHP Jim Hendon
Batting: RHB José Herrera 0-0: Foul Ball, location: 2F
0-1: Ground out 6-3 (Groundball, 6M)
Batting: RHB Su-kweon Yu 0-0: Hit by Pitch
Batting: SHB Tom Stevens 0-0: Ball
1-0: Called Strike
1-1: SINGLE (Groundball, 23) (infield hit)
Su-kweon Yu to second
Batting: RHB Ximena Campos 0-0: Grounds into double play, 6-4-3 (Groundball, 6)
Bottom of the 2nd over - 0 run(s), 1 hit(s), 0 error(s), 1 left on base; Las Vegas 2 - Mile High 1
TOP OF THE 3RD
Las Vegas Stars batting - Pitching for Mile High Broncos : RHP Luis Salazar
Batting: RHB Tae-kwon Kwon 0-0: Foul Ball, location: 2F
0-1: Ball
1-1: Fly out, F4 (Popup, 9LS)
Batting: RHB Ron Shelton 0-0: Ball
1-0: Called Strike
1-1: Fly out, F9 (Flyball, 89M)
Batting: RHB Cole Bradley 0-0: Ball
1-0: Ball
2-0: Ground out 5-3 (Groundball, 56)
Top of the 3rd over - 0 run(s), 0 hit(s), 0 error(s), 0 left on base; Las Vegas 2 - Mile High 1
BOTTOM OF THE 3RD
Mile High Broncos batting - Pitching for Las Vegas Stars : RHP Jim Hendon
Batting: RHB Damian Yates 0-0: Ball
1-0: Called Strike
1-1: Ball
2-1: Ball
3-1: Base on Balls
Batting: RHB Juan Jose Guevana 0-0: Ball
1-0: Foul Ball, location: 2F
1-1: Swinging Strike
1-2: Strikes out looking
Batting: LHB Bill Houston 0-0: Ball
Wild Pitch!
Damian Yates to second
1-0: Swinging Strike
1-1: Ball
2-1: Foul Ball, location: 2F
2-2: Ball
3-2: Foul Ball, location: 2F
3-2: Strikes out looking
Batting: RHB Jesús Espinoza 0-0: SINGLE (Line Drive, 4MD)
Damian Yates to third
Runner from 3rd tries for Home, SAFE, no throw or cutoff
Batting: RHB Juan Gonzáles 0-0: Called Strike
0-1: Ball
1-1: Fly out, F7 (Line Drive, 7M)
Bottom of the 3rd over - 1 run(s), 1 hit(s), 0 error(s), 1 left on base; Las Vegas 2 - Mile High 2
TOP OF THE 4TH
Las Vegas Stars batting - Pitching for Mile High Broncos : RHP Luis Salazar
Batting: RHB Jeremy Atkins 0-0: Ball
1-0: Ball
2-0: Ball
3-0: Swinging Strike
3-1: Base on Balls
Batting: LHB Evan Slootweg 0-0: Ball
1-0: Ball
2-0: Ball
3-0: Called Strike
3-1: Called Strike
3-2: Foul Ball, location: 2F
3-2: Ground out U3 (Groundball, 3)
Jeremy Atkins to second
Batting: LHB Eliot Helen 0-0: Called Strike
0-1: Called Strike
0-2: Fly out, F8 (Flyball, 8LM)
Batting: RHB Vicente Salgado 0-0: Ball
1-0: Ball
2-0: Ball
3-0: Base on Balls
Batting: SHB Santiago Farías 0-0: Ball
1-0: Ball
2-0: Foul Ball, location: 2F
2-1: 3-RUN HOME RUN (Line Drive, 9D), Distance : 397 ft
Batting: RHB Bill McGrath 0-0: Called Strike
Single, Error in OF, E7, batter to second base
Batting: RHB Tae-kwon Kwon 0-0: Ground out 2-3 (Groundball, 2R)
Top of the 4th over - 3 run(s), 2 hit(s), 1 error(s), 1 left on base; Las Vegas 5 - Mile High 2
BOTTOM OF THE 4TH
Mile High Broncos batting - Pitching for Las Vegas Stars : RHP Jim Hendon
Batting: RHB José Herrera 0-0: Ball
1-0: Ball
2-0: Foul Ball, location: 2F
2-1: Swinging Strike
2-2: Strikes out looking
Batting: RHB Su-kweon Yu 0-0: Fly out, F4 (Popup, 34)
Batting: SHB Tom Stevens 0-0: Ground out 6-3 (Groundball, 6M)
Bottom of the 4th over - 0 run(s), 0 hit(s), 0 error(s), 0 left on base; Las Vegas 5 - Mile High 2
TOP OF THE 5TH
Las Vegas Stars batting - Pitching for Mile High Broncos : RHP Luis Salazar
Batting: RHB Ron Shelton 0-0: Swinging Strike
0-1: Ball
1-1: Swinging Strike
1-2: Strikes out looking
Batting: RHB Cole Bradley 0-0: Ball
1-0: Called Strike
1-1: SINGLE (Flyball, 8RS)
Batting: RHB Jeremy Atkins 0-0: Ball
1-0: Fly out, F7 (Flyball, 78M)
Batting: LHB Evan Slootweg 0-0: Called Strike
0-1: Ball
1-1: Ball
2-1: Ball
3-1: Base on Balls
Cole Bradley to second
Batting: LHB Eliot Helen 0-0: SINGLE (Line Drive, 6MD)
Cole Bradley to third
Evan Slootweg to second
Runner from 3rd tries for Home, SAFE, no throw or cutoff
Batting: RHB Vicente Salgado 0-0: Foul Ball, location: 2F
0-1: Ball
1-1: Called Strike
1-2: Ball
2-2: SINGLE (Flyball, 9S)
Evan Slootweg to third
Eliot Helen to second
Runner from 3rd tries for Home, SAFE, no throw or cutoff
Pitching: RHP Cristo Canó
Batting: SHB Santiago Farías 0-0: SINGLE (Flyball, 8LS)
Eliot Helen to third
Vicente Salgado to second
Runner from 3rd tries for Home, SAFE, no throw or cutoff
Batting: RHB Bill McGrath 0-0: Ball
1-0: Ball
2-0: Swinging Strike
2-1: Fly out, F5 (Line Drive, 5)
Top of the 5th over - 3 run(s), 4 hit(s), 0 error(s), 2 left on base; Las Vegas 8 - Mile High 2
BOTTOM OF THE 5TH
Mile High Broncos batting - Pitching for Las Vegas Stars : RHP Jim Hendon
Batting: RHB Ximena Campos 0-0: Ball
1-0: Swinging Strike
1-1: Ball
2-1: Foul Ball, location: 2F
2-2: SINGLE (Line Drive, 34)
Batting: RHB Damian Yates 0-0: Ball
1-0: Foul Ball, location: 2F
1-1: Ball
2-1: Hit by Pitch
Ximena Campos to second
Batting: RHB Juan Jose Guevana 0-0: Hit by Pitch
Ximena Campos to third
Damian Yates to second
Batting: LHB Bill Houston 0-0: Ball
1-0: Ball
2-0: Ball
3-0: Called Strike
3-1: Foul Ball, location: 2F
3-2: Foul Ball, location: 2F
3-2: DOUBLE (Flyball, 78XD)
Ximena Campos scores
Damian Yates scores
Juan Jose Guevana to third
Runner from 3rd tries for Home, throw and OUT!
Bill Houston to third
Pitching: LHP Jerry Burgess
Batting: RHB Jesús Espinoza 0-0: Ball
1-0: Foul Ball, location: 2F
1-1: Ball
2-1: Ball
3-1: Base on Balls
Batting: RHB Juan Gonzáles 0-0: Ground out 4-3 (Groundball, 4M)
Bill Houston scores
Jesús Espinoza to second
Batting: RHB José Herrera 0-0: Called Strike
0-1: Ball
1-1: Ball
2-1: Called Strike
2-2: Ball
3-2: SINGLE (Groundball, 6)
Jesús Espinoza to third
Jesús Espinoza scores
Batting: RHB Su-kweon Yu 0-0: Foul Ball, location: 2F
0-1: Ball
1-1: Ball
2-1: Ground out 6-3 (Groundball, 6)
Bottom of the 5th over - 4 run(s), 3 hit(s), 0 error(s), 1 left on base; Las Vegas 8 - Mile High 6
TOP OF THE 6TH
Las Vegas Stars batting - Pitching for Mile High Broncos : RHP Cristo Canó
Batting: RHB Tae-kwon Kwon 0-0: SINGLE (Line Drive, 6MD)
Batting: RHB Ron Shelton 0-0: Ball
1-0: Called Strike
Pickoff Throw to First - Out!
1-1: Foul Ball, location: 2F
1-2: Ball
2-2: Strikes out swinging
Batting: RHB Cole Bradley 0-0: Fly out, F8 (Flyball, 8RXD)
Top of the 6th over - 0 run(s), 1 hit(s), 0 error(s), 0 left on base; Las Vegas 8 - Mile High 6
BOTTOM OF THE 6TH
Mile High Broncos batting - Pitching for Las Vegas Stars : LHP Jerry Burgess
Batting: SHB Tom Stevens 0-0: Ball
1-0: Ball
2-0: Ball
3-0: Called Strike
3-1: SINGLE (Flyball, 8RS)
Batting: RHB Ximena Campos 0-0: Ball
1-0: Ball
2-0: Swinging Strike
2-1: Ball
3-1: Base on Balls
Tom Stevens to second
Batting: RHB Damian Yates 0-0: Ball
1-0: Ball
2-0: Grounds into double play, 6-4-3 (Groundball, 6M)
Tom Stevens to third
Batting: RHB Juan Jose Guevana 0-0: Ball
1-0: Swinging Strike
1-1: Ball
2-1: Ball
3-1: Foul Ball, location: 2F
3-2: Foul Ball, location: 2F
3-2: Foul Ball, location: 2F
3-2: Base on Balls
Batting: LHB Bill Houston 0-0: Ball
1-0: Ball
2-0: SINGLE (Line Drive, 89S)
Tom Stevens scores
Juan Jose Guevana to second
Batting: RHB Jesús Espinoza 0-0: Called Strike
0-1: SINGLE (Groundball, 34D)
Juan Jose Guevana to third
Bill Houston to second
Runner from 3rd tries for Home, SAFE, no throw or cutoff
Batting: RHB Juan Gonzáles 0-0: Called Strike
0-1: Ball
1-1: Foul Ball, location: 2F
1-2: Ball
2-2: Foul Ball, location: 2F
2-2: Foul Ball, location: 2F
2-2: Foul Ball, location: 2F
2-2: Ground out 6-3 (Groundball, 6)
Bottom of the 6th over - 2 run(s), 3 hit(s), 0 error(s), 2 left on base; Las Vegas 8 - Mile High 8
TOP OF THE 7TH
Las Vegas Stars batting - Pitching for Mile High Broncos : RHP Cristo Canó
Batting: RHB Jeremy Atkins 0-0: Called Strike
0-1: Called Strike
0-2: Ball
1-2: Strikes out looking
Batting: LHB Evan Slootweg 0-0: Swinging Strike
0-1: Ball
1-1: Called Strike
1-2: Ground out 4-3 (Groundball, 4)
Batting: LHB Eliot Helen 0-0: Foul Ball, location: 2F
0-1: DOUBLE (Line Drive, 78S)
Pinch Hitting: LHB Juan Cabañas 0-0: Called Strike
0-1: Fly out, F5 (Popup, 5F)
Top of the 7th over - 0 run(s), 1 hit(s), 0 error(s), 1 left on base; Las Vegas 8 - Mile High 8
BOTTOM OF THE 7TH
Mile High Broncos batting - Pitching for Las Vegas Stars : LHP Jerry Burgess
Now at 3B: Orlando García
Batting: RHB José Herrera 0-0: Called Strike
0-1: Ball
1-1: Ball
2-1: Foul Ball, location: 2F
2-2: Ball
3-2: Base on Balls
Batting: RHB Su-kweon Yu 0-0: Ball
1-0: Bunt missed!
1-1: Bunted foul
1-2: Ball
2-2: Ball
3-2: Foul Ball, location: 2F
3-2: Base on Balls
José Herrera to second
Batting: SHB Tom Stevens 0-0: Swinging Strike
0-1: Ball
1-1: Swinging Strike
1-2: Ball
2-2: Fly out, F8 (Flyball, 8RXD)
Runner from 2nd tags up, SAFE at 3rd, no throw
Pitching: RHP Oliver Donahue
Batting: RHB Ximena Campos 0-0: Called Strike
0-1: Hit by Pitch
Su-kweon Yu to second
Batting: RHB Damian Yates 0-0: Ball
1-0: Ball
2-0: Ball
3-0: Called Strike
3-1: Called Strike
3-2: Base on Balls
José Herrera scores
Su-kweon Yu to third
Ximena Campos to second
Batting: RHB Juan Jose Guevana 0-0: Ball
1-0: Ball
2-0: Ball
3-0: Foul Ball, location: 2F
3-1: Ground out 5-3 (Groundball, 6S)
Su-kweon Yu scores
Ximena Campos to third
Damian Yates to second
Batting: LHB Bill Houston 0-0: Ball
1-0: Called Strike
1-1: Called Strike
1-2: Ball
2-2: Ball
3-2: Foul Ball, location: 2F
3-2: Reached on error, E6 (Groundball, 6M)
Ximena Campos scores
Damian Yates to third
Batting: RHB Jesús Espinoza 0-0: Called Strike
0-1: Ball
1-1: Foul Ball, location: 2F
1-2: Foul Ball, location: 2F
1-2: Strikes out swinging
Bottom of the 7th over - 3 run(s), 0 hit(s), 1 error(s), 2 left on base; Las Vegas 8 - Mile High 11
TOP OF THE 8TH
Las Vegas Stars batting - Pitching for Mile High Broncos : RHP Cristo Canó
Pitching: RHP Dave Powers
Batting: SHB Santiago Farías 0-0: Ball
1-0: Ball
2-0: SINGLE (Line Drive, 9LS)
Batting: RHB Bill McGrath 0-0: Ball
1-0: Foul Ball, location: 2F
1-1: Ball
2-1: Grounds into double play, 4-6-3 (Groundball, 34)
Batting: RHB Tae-kwon Kwon 0-0: Called Strike
0-1: Foul Ball, location: 2F
0-2: Ball
1-2: Foul Ball, location: 2F
1-2: Foul Ball, location: 2F
1-2: Foul Ball, location: 2F
1-2: DOUBLE (Line Drive, 7LM)
Batting: RHB Ron Shelton 0-0: Ball
1-0: Fly out, F9 (Flyball, 89S)
Top of the 8th over - 0 run(s), 2 hit(s), 0 error(s), 1 left on base; Las Vegas 8 - Mile High 11
BOTTOM OF THE 8TH
Mile High Broncos batting - Pitching for Las Vegas Stars : RHP Oliver Donahue
Batting: RHB Juan Gonzáles 0-0: Ball
1-0: Swinging Strike
1-1: Ball
2-1: Fly out, F9 (Line Drive, 9M)
Batting: RHB José Herrera 0-0: Ball
1-0: Called Strike
1-1: SOLO HOME RUN (Flyball, 7D), Distance : 377 ft
Batting: RHB Su-kweon Yu 0-0: Foul Ball, location: 2F
0-1: Swinging Strike
0-2: Ball
1-2: Foul Ball, location: 2F
1-2: Hit by Pitch
Batting: SHB Tom Stevens 0-0: Ball
1-0: Ball
2-0: Ball
3-0: Base on Balls
Su-kweon Yu to second
Batting: RHB Ximena Campos 0-0: Ball
1-0: Swinging Strike
1-1: Ball
2-1: Fielders Choice at 2nd, 4-6 (Groundball, 4)
Su-kweon Yu to third
Pitching: RHP Bryan Avery
Batting: RHB Damian Yates 0-0: DOUBLE (Flyball, 89D)
Su-kweon Yu scores
Ximena Campos to third
Runner from 3rd tries for Home, SAFE, no throw or cutoff
Batting: RHB Juan Jose Guevana 0-0: Called Strike
0-1: Ball
1-1: Ball
2-1: Ball
3-1: SINGLE (Line Drive, 6MD)
Damian Yates to third
Runner from 3rd tries for Home, SAFE, no throw or cutoff
Batting: LHB Bill Houston 0-0: Ball
1-0: Called Strike
1-1: Foul Ball, location: 2F
1-2: Strikes out swinging
Bottom of the 8th over - 4 run(s), 3 hit(s), 0 error(s), 1 left on base; Las Vegas 8 - Mile High 15
TOP OF THE 9TH
Las Vegas Stars batting - Pitching for Mile High Broncos : RHP Dave Powers
Batting: RHB Cole Bradley 0-0: Swinging Strike
0-1: SINGLE (Groundball, 34D)
Batting: RHB Jeremy Atkins 0-0: Swinging Strike
0-1: Ball
1-1: Called Strike
1-2: Grounds into double play, 5-4-3 (Groundball, 5L)
Batting: LHB Evan Slootweg 0-0: Ball
1-0: Ball
2-0: Ball
3-0: Base on Balls
Batting: LHB Eliot Helen 0-0: Foul Ball, location: 2F
0-1: Foul Ball, location: 2F
0-2: Ball
1-2: Fly out, F9 (Flyball, 89S)
Top of the 9th over - 0 run(s), 1 hit(s), 0 error(s), 1 left on base; Las Vegas 8 - Mile High 15
This league is powered by Out of the Park Baseball, the baseball management simulation game for PC, Mac and Linux
Wednesday, December 2nd, 2015 - OOTP Baseball 16.8 Build 38